 Dungeon Crawl Stone Soup version 0.28.0-53-g5a82cb258f (webtiles) character file.

Game seed: 15908489177424102503

51 pesado the Poker (level 3, -3/27 HPs)
             Began as a Merfolk Gladiator on May 21, 2022.
             Slain by Terence
             ... wielding a +0 falchion
              (9 damage)
             ... on level 2 of the Dungeon.
             The game lasted 00:02:32 (1442 turns).

pesado the Poker (Merfolk Gladiator)                Turns: 1442, Time: 00:02:32

Health: -3/27      AC:  9    Str: 14    XL:     3   Next: 81%
Magic:  3/3        EV: 13    Int:  7    God:
Gold:   39         SH:  0    Dex: 17    Spells: 2/2 levels left

rFire   . . .      SeeInvis .   a - +0 trident
rCold   . . .      Faith    .   (no shield)
rNeg    . . .      Spirit   .   b - +0 leather armour
rPois   .          Reflect  .   c - +1 helmet
rElec   .          Harm     .   (no cloak)
rCorr   .          Rampage  .   (no gloves)
Will    .....                   (no boots)
Stlth   +.........              (no amulet)
HPRegen 0.09/turn               j - +4 ring of protection
MPRegen 0.08/turn               (no ring)

@: no status effects
A: (nimble swimmer 2), mertail
a: no special abilities


You were on level 2 of the Dungeon.
You visited 1 branch of the dungeon, and saw 2 of its levels.

You collected 39 gold pieces.

Inventory:

Hand Weapons
 a - a +0 trident (weapon)
Missiles
 d - 3 throwing nets (quivered)
Armour
 b - a +0 leather armour (worn)
 c - a +1 helmet (worn)
Jewellery
 j - a +4 ring of protection (left hand)
Scrolls
 g - a scroll of identify {unknown}
Potions
 e - a potion of resistance {unknown}
 f - a potion of lignification {unknown}
 h - a potion of haste {unknown}


   Skills:
 - Level 2.1 Fighting
 + Level 6.8 Polearms
 - Level 2.0 Throwing
 - Level 4.0 Dodging


You had 2 spell levels left.
You didn't know any spells.
Your spell library was empty.

Dungeon Overview and Level Annotations

Branches:
Dungeon (2/15)

Altars:

Annotations:
D:2 Sigmund, Terence


Innate Abilities, Weirdness & Mutations

((You are very nimble when in or above water. (Stealth+, EV+, Speed+++)))
Your lower body shifts to a powerful aquatic tail in water.


Message History

A goblin comes into view. It is wielding a +0 club.
A goblin is nearby!
A goblin is nearby!
A goblin is nearby!
Sigmund the Dreaded comes into view.
He is wielding a +0 scythe.
The goblin shouts!
You barely miss the goblin.
Sigmund shouts!
Sigmund gestures wildly while chanting.
Sigmund flickers and vanishes!
Deactivating autopickup; reactivate with Ctrl-A.
The goblin closely misses you.
You hit the goblin.
You kill the goblin!
No target in view!
You aren't carrying any items that you can evoke.
Terence the Incautious comes into view.
He is wielding a +0 falchion.
You are confused.
You bump into the rock wall.
You are more confused.
You bump into the rock wall.
You bump into the rock wall.
You hear some strange, mumbled words.
A magic dart appears from out of thin air!
The magic dart hits you!
You're too confused to move!
Something hits you but does no damage. Something hits you.
You're too confused to move!
Terence barely misses you.
You're too confused to move!
A magic dart appears from out of thin air!
The magic dart hits you!
* * * LOW HITPOINT WARNING * * *
You're too confused to move!
You feel less confused. Something hits you.
* * * LOW HITPOINT WARNING * * *
Terence says, "Time to say good-bye..."
You see here a bat skeleton.
Terence hits you with a +0 falchion!
You die...

#.......##.......##..#
#...÷....#...........###
#.###....###)...........
#.# #....# #.#.##.......
#.######.# #.#..#.......
#.....##÷# #............
#.....##.######.........
#.....##@...............
#..<...@....####..#'####
#..............#..#.####
#...........<#.#........
##..........##.#....####
#..†÷.........#...†# #
#.....#............# #
###'#.#.#######.#..# #
#.#.#.# #....# # #.#.#.#
###.># #


You could see Terence.

Vanquished Creatures
  2 dart slugs (D:1)
  6 endoplasms (D:1)
  4 giant cockroaches (D:1)
  2 goblins
  2 hobgoblins
  8 jackals
  5 ball pythons
  3 bats
  A frilled lizard (D:1)
  A kobold (D:1)
  5 rats (D:1)
39 creatures vanquished.

Notes
Turn   | Place    | Note
-------+----------+-------------------------------------------
     0 | D:1      | pesado the Merfolk Gladiator began the quest for the Orb.
     0 | D:1      | Reached XP level 1. HP: 16/16 MP: 1/1
    58 | D:1      | Reached skill level 5 in Polearms
   171 | D:1      | Reached XP level 2. HP: 18/22 MP: 2/2
   705 | D:1      | Reached skill level 6 in Polearms
   705 | D:1      | Reached XP level 3. HP: 24/27 MP: 3/3
  1416 | D:2      | Noticed Sigmund
  1421 | D:2      | Noticed Terence
  1442 | D:2      | Slain by Terence

Illustrated notes

Levels and vault maps discovered:
D:1:      dpeg_arrival_rhombus, layout_basic
D:2:      layout_basic, uniq_sigmund, uniq_terence

Skill      XL: |  1  2 |
---------------+-------+-----
Polearms       | 5 6 |  6.8
Fighting       | |  2.1
Throwing       | |  2.0
Dodging        | |  4.0

Action                   || total
-------------------------++-------
Melee: Trident           ||   116
       Punch             ||     3
  Use: Scroll            ||     4
 Stab: Sleeping          ||     5
Armor: Leather armour    ||    51
Dodge: Dodged            ||    88
